 Dungeon Crawl Stone Soup version 0.28-a0-1506-g3893175d92 (webtiles) character file.

Game seed: 3161194568003651969

16569 fragbeetle the Geomancer (level 12, -9/75 HPs)
             Began as a Gargoyle Earth Elementalist on Jan 14, 2022.
             Was a Believer of Vehumet.
             Killed from afar by an efreet (33 damage)
             ... with a bolt of fire
             ... in a volcano.
             The game lasted 00:48:05 (14747 turns).

fragbeetle the Geomancer (GrEE)                    Turns: 14747, Time: 00:48:08

Health: -9/75      AC: 28    Str: 15    XL:     12   Next: 38%
Magic:  12/18      EV: 17    Int: 19    God:    Vehumet [**....]
Gold:   687        SH:  0    Dex: 10    Spells: 10/19 levels left

rFire   . . .      SeeInvis .   a - +3 quarterstaff (chaos)
rCold   . . .      Faith    .   (shield currently unavailable)
rNeg    + . .      Spirit   .   R - +2 troll leather armour
rPois   ∞          Reflect  .   P - +2 helmet
rElec   +          Harm     .   y - scarf {+Inv}
rCorr   .          Rampage  .   l - +1 pair of gloves {Str+3}
Will    .....                   K - +2 pair of boots
Stlth   ++........              (no amulet)
HPRegen 1.02/turn               M - +4 ring of evasion
MPRegen 0.16/turn               z - +4 ring of protection

@: studying Armour
A: sickness immunity, AC +8, negative energy resistance 1, electricity
resistance, torment resistance 1, petrification resistance, clumsy 1
a: Renounce Religion, Evoke Invisibility


You were in a volcano.
You worshipped Vehumet.
Vehumet was pleased with you.
You visited 3 branches of the dungeon, and saw 14 of its levels.
You also visited: Gauntlet and Volcano.

You collected 741 gold pieces.
You spent 54 gold pieces at shops.

Inventory:

Hand Weapons
 a - a +3 quarterstaff of chaos (weapon)
 b - the +9 shortbow of Kotuphuah {venom, rCorr Int+3}
   (You found it on level 5 of the Dungeon)

   Any ammunition fired from it poisons the flesh of those it strikes.
   Int:       It affects your intelligence (+3).
   rCorr:     It protects you from acid and corrosion.
 m - a +4 scimitar of flaming
 r - a +6 morningstar of protection
 W - a +3 quarterstaff of pain
 Z - a +4 quick blade
Missiles
 c - 123 stones
 p - 11 atropa-tipped darts
 u - 28 poisoned darts
 A - 3 curare-tipped darts
 G - 161 arrows
Armour
 l - a +1 pair of gloves of strength (worn)
 y - a scarf of invisibility (worn)
 K - a +2 pair of boots (worn)
 L - +0 steam dragon scales
 P - a +2 helmet (worn)
 R - a +2 troll leather armour (worn)
Magical Staves
 q - a staff of fire
 X - a staff of cold
Jewellery
 x - a +6 ring of dexterity
 z - a +4 ring of protection (right hand)
 D - a ring of positive energy
 M - a +4 ring of evasion (left hand)
 O - a ring of ice
Wands
 j - a wand of flame (6)
 E - a wand of polymorph (6)
 S - a wand of digging (6)
 Y - a wand of iceblast (3)
Scrolls
 e - a scroll of magic mapping
 f - 3 scrolls of teleportation
 g - 4 scrolls of fear
 i - 2 scrolls of amnesia
 k - 4 scrolls of holy word {unknown}
 s - 5 scrolls of fog
 B - a scroll of silence
 J - a scroll of immolation
 N - a scroll of summoning {unknown}
 V - a scroll of noise {unknown}
Potions
 d - a potion of ambrosia {unknown}
 h - a potion of magic {unknown}
 n - a potion of might
 o - a potion of haste
 t - a potion of attraction
 v - a potion of cancellation {unknown}
 w - a potion of heal wounds
 C - a potion of flight {unknown}
 F - 2 potions of curing
 H - 2 potions of degeneration {unknown}
 I - a potion of brilliance {unknown}
 T - 2 potions of berserk rage {unknown}
 U - 2 potions of mutation
Miscellaneous
 Q - a phantom mirror (inert)


   Skills:
 + Level 8.7 Fighting
 + Level 8.0 Staves
 + Level 4.5 Armour
 + Level 6.9 Dodging
 - Level 2.1 Stealth
 - Level 4.4 Spellcasting
 + Level 8.5 Conjurations
 - Level 2.4 Summonings
 - Level 1.0 Transmutations
 + Level 0.0 Fire Magic
 + Level 12.4 Earth Magic
 + Level 2.5 Evocations


You had 10 spell levels left.
You knew the following spells:

 Your Spells              Type           Power      Damage    Failure   Level
a - Sandblast             Erth           100%       2d20      1%          1
b - Stone Arrow           Conj/Erth      88%        3d12      1%          3
c - Call Canine Familiar  Summ           13%        N/A       17%         3
d - Scorch                Fire           8%         2d5       24%         2

Your spell library contained the following spells:

 Spells                   Type           Power      Damage    Failure   Level
 Passwall                 Tmut/Erth      24%        N/A       1%          2
 Summon Small Mammal      Summ           52%        N/A       6%          1
 Petrify                  Tmut/Erth      29%        N/A       10%         4
 Corpse Rot               Necr/Air       8%         N/A       24%         2
 Poisonous Vapours        Pois/Air       8%         N/A       24%         2
 Summon Guardian Golem    Hex/Summ       8%         N/A       28%         3


Dungeon Overview and Level Annotations

Branches:
Dungeon (11/15)            Temple (1/1) D:7            Lair (2/6) D:9
Volcano (1/1)             Gauntlet (visited)
  Swamp: Lair:2-4    Shoals: Lair:2-4     Snake: Lair:2-4    Spider: Lair:2-4
    Orc: D:9-12

Altars:
Ashenzari
Cheibriados
Dithmenos
Elyvilon
Fedhas
Gozag
Hepliaklqana
Kikubaaqudgha
Makhleb
Nemelex Xobeh
Okawaru
Qazlal
Ru
Sif Muna
Trog
Uskayaw
Vehumet
Wu Jian
Xom
Yredelemnul
Zin
The Shining One

Shops:
D:2 *   D:9 *

Annotations:
D:7 exclusion: two-headed ogre


Innate Abilities, Weirdness & Mutations

You are immune to sickness and miasma.
Your stone body is resilient. (AC +8)
You are immune to poison.
You resist negative energy. (rN+)
You are resistant to electric shocks. (rElec)
You are resistant to unholy torment.
You are immune to petrification.
You are clumsy. (Dex -2)


Message History

The fire elemental completely resists.
The bolt of fire misses you. The fire elemental hits you.
The fire elemental burns you!
There is an open door here.
The +9 shortbow of Kotuphuah {venom, rCorr Int+3} stops dripping with poison.
Your +3 quarterstaff of chaos is briefly surrounded by a scintillating aura of random colours.
a - a +3 quarterstaff of chaos (weapon)
You hit the fire elemental but do no damage.
The fire elemental hits you. The fire elemental burns you!
The efreet gestures at you.
The fireball explodes!
The fireball engulfs the fire elemental.
The fire elemental completely resists.
The fireball engulfs you!! The fire elemental closely misses you.
The efreet gestures at you.
The bolt of fire hits the fire elemental.
The fire elemental completely resists.
The bolt of fire hits you but does no damage.
The fire elemental misses you. The efreet gestures at you.
The bolt of fire hits the fire elemental.
The fire elemental completely resists.
The bolt of fire hits you!!
* * * LOW HITPOINT WARNING * * *
You feel much better. The fire elemental hits you.
The fire elemental burns you! The efreet gestures at you.
The bolt of fire hits the fire elemental.
The fire elemental completely resists.
The bolt of fire misses you.
The fire elemental completely misses you.
There is an open door here.
You closely miss the fire elemental. The fire elemental closely misses you.
You barely miss the fire elemental. The fire elemental closely misses you.
You barely miss the fire elemental. The fire elemental hits you.
The fire elemental burns you! The fire elemental closely misses you.
You hit the fire elemental. You freeze the fire elemental.
The fire elemental is moderately damaged.
The fire elemental hits you. The fire elemental burns you!
The efreet gestures at you.
The bolt of fire hits the fire elemental.
The fire elemental completely resists.
The bolt of fire hits you!!
You die...

##.## .○≈≈..# ##.# ##.## ##...##
##☼§≈≈≈°# ##...###..≈##
#..○○.###E°≈°°R°. #..§..#...≈≈##
#.≈≈○○.##..≈≈v☼○○ ..≈≈≈.#....☼☼#
§≈≈≈○≈○.#☼≈≈≈E≈≈. .≈≈≈≈°'.$$§§☼#
#≈§≈≈≈≈○R##≈≈##≈# .≈≈°○R#.!?!§≈#
#≈≈☼≈≈##############≈≈°≈○#°[∩§§≈#
##≈####.'#≈≈##≈##ER## ##○$§§≈≈#
'#####..#)≈≈≈.≈≈@#.○#####'..$[☼☼#
#......##.≈≈≈.≈§.##.°.R○.#....≈≈#
#.....###..≈≈≈≈..###.....#...≈≈##
##...## ##.≈≈≈≈.## ##...###..≈##
##.## #..§§§.# ##.## ##.## ###
##.≈≈§## ### ## #.§§§# ##..##
####


You could see an efreet and a fire elemental.

Vanquished Creatures
  A minotaur (Gauntlet)
  Fannar (D:10)
  3 two-headed ogres
  A shock serpent (shapeshifter) (Gauntlet)
  2 lindwurms (Volcano)
  A deep elf pyromancer (D:9)
  A shining eye (shapeshifter) (Lair:1)
  A toenail golem (Volcano)
  A gargoyle (D:10)
  3 cane toads
  A molten gargoyle (Volcano)
  A komodo dragon (Lair:1)
  An efreet (Volcano)
  Psyche (D:9)
  2 trolls
  Grinder (D:3)
  4 flying skulls (Gauntlet)
  A vampire (D:11)
  2 wyverns
  3 fire elementals (Volcano)
  2 steam dragons
  3 wraiths
  13 yaks
  An acid dragon (D:9)
  Pargi (D:3)
  3 orc warriors
  A black bear (D:6)
  2 sky beasts
  A necrophage (D:6)
  6 ogres
  3 centaurs
  2 kobold brigands
  A phantom (D:6)
  4 earth elementals (Volcano)
  3 bullfrogs
  A water moccasin zombie (D:6)
  A water moccasin skeleton (D:4)
  A vampire bat (D:4)
  4 howler monkeys
  3 centaur zombies
  A bullfrog zombie (D:6)
  2 hounds (D:5)
  2 jellies (D:6)
  An orc priest (D:8)
  Crazy Yiuf (D:3)
  Terence (D:3)
  A gnoll shaman (D:6)
  2 iguanas (D:4)
  5 orc wizards
  A scorpion zombie (D:5)
  A killer bee zombie (D:8)
  A hound zombie (D:5)
  Robin (D:2)
  3 gnolls (D:6)
  11 adders
  3 ufetubi
  A dart slug (D:2)
  3 fire bats (D:4)
  3 worms
  22 orcs
  2 spectral bats (D:4)
  3 bat skeletons (D:4)
  A bat zombie (D:4)
  3 endoplasms
  3 giant cockroaches
  12 goblins
  10 hobgoblins
  2 jackals (D:3)
  3 quokkas
  3 ball pythons
  14 bats
  A bat simulacrum (D:4)
  5 frilled lizards
  14 kobolds
  A rat (D:2)
  2 fire vortices (Volcano)
233 creatures vanquished.

Notes
Turn   | Place    | Note
-------+----------+-------------------------------------------
     0 | D:1      | fragbeetle the Gargoyle Earth Elementalist began the quest
                  | for the Orb.
     0 | D:1      | Reached XP level 1. HP: 10/10 MP: 3/3
   483 | D:1      | Reached skill level 1 in Transmutations
   530 | D:1      | Reached XP level 2. HP: 16/16 MP: 5/5
   607 | D:1      | Reached skill level 4 in Earth Magic
   766 | D:1      | Found a faded altar of an unknown god.
  1207 | D:2      | Reached skill level 1 in Fighting
  1392 | D:2      | Reached XP level 3. HP: 20/20 MP: 4/6
  1676 | D:2      | Found Logegrot's General Store.
  1679 | D:2      | Noticed Robin
  1699 | D:2      | Reached skill level 1 in Staves
  1868 | D:2      | Killed Robin
  1887 | D:2      | Reached XP level 4. HP: 24/25 MP: 5/7
  1890 | D:2      | Bought 13 stones for 18 gold pieces
  1981 | D:2      | Learned a level 3 spell: Stone Arrow
  2457 | D:3      | Noticed a centaur
  2464 | D:3      | Killed a centaur
  2465 | D:3      | Reached skill level 1 in Conjurations
  2465 | D:3      | Reached skill level 5 in Earth Magic
  2465 | D:3      | Reached XP level 5. HP: 15/30 MP: 4/8
  2495 | D:3      | Noticed Grinder
  2660 | D:4      | Noticed an ogre
  2670 | D:4      | Killed an ogre
  2671 | D:4      | Reached XP level 6. HP: 18/36 MP: 6/9
  3086 | D:4      | Reached skill level 6 in Earth Magic
  3210 | D:4      | Reached XP level 7. HP: 37/40 MP: 10/10
  3843 | D:5      | Entered Level 5 of the Dungeon
  3973 | D:5      | Identified the +9 shortbow of Kotuphuah {venom, rCorr
                  | Int+3}
  4343 | D:5      | Reached skill level 7 in Earth Magic
  4343 | D:5      | Reached XP level 8. HP: 47/47 MP: 7/11
  5204 | D:3      | Noticed Pargi
  5216 | D:3      | Killed Pargi
  5353 | D:3      | Noticed Terence
  5369 | D:3      | Killed Terence
  5484 | D:3      | Killed Grinder
  5485 | D:3      | Reached skill level 8 in Earth Magic
  5713 | D:3      | Found a runed translucent door.
  5714 | D:3      | Noticed Crazy Yiuf
  5720 | D:3      | Killed Crazy Yiuf
  6136 | D:6      | Reached XP level 9. HP: 52/52 MP: 2/12
  6556 | D:6      | Reached skill level 5 in Fighting
  6556 | D:6      | Reached skill level 9 in Earth Magic
  7212 | D:6      | Found a sparkling altar of Nemelex Xobeh.
  7212 | D:6      | Found a glowing silver altar of Zin.
  7212 | D:6      | Found a burning altar of Makhleb.
  7278 | D:7      | Reached skill level 5 in Conjurations
  7416 | D:7      | Reached skill level 5 in Staves
  7527 | D:7      | Noticed a two-headed ogre
  7915 | D:7      | Found a staircase to the Ecumenical Temple.
  7924 | Temple   | Entered the Ecumenical Temple
  8160 | Temple   | Became a worshipper of Vehumet
  8259 | D:7      | Identified the +4 hand axe "Roostel" {holy, *Slow rElec rC+
                  | rN+}
  8444 | D:8      | Found a shadowy altar of Dithmenos.
  8773 | D:8      | Reached skill level 10 in Earth Magic
  8910 | D:8      | Reached XP level 10. HP: 45/60 MP: 8/13
  8953 | D:8      | Reached skill level 5 in Dodging
  9205 | D:8      | Found a broken altar of Ashenzari.
  9299 | D:8      | Found a blossoming altar of Fedhas.
  9299 | D:8      | Found an iron altar of Okawaru.
  9729 | D:9      | Found a staircase to the Lair.
  9754 | D:9      | Reached * piety under Vehumet
  9754 | D:9      | Offered knowledge of Freeze by Vehumet.
  9893 | Lair:1   | Entered Level 1 of the Lair of Beasts
 10366 | D:9      | Found Wamoila's CLEARANCE SALE!.
 10379 | D:9      | Bought a scroll of immolation for 24 gold pieces
 10379 | D:9      | Bought 18 stones for 12 gold pieces
 10518 | D:10     | Entered Level 10 of the Dungeon
 10574 | D:10     | Noticed Fannar
 10583 | D:10     | Killed Fannar
 10584 | D:10     | Reached skill level 11 in Earth Magic
 10584 | D:10     | Noticed a two-headed ogre
 10653 | D:10     | Noticed Psyche
 10653 | D:10     | Noticed a deep elf pyromancer
 10657 | D:9      | Killed a deep elf pyromancer
 10683 | D:10     | Noticed a gargoyle
 10686 | D:9      | Killed Psyche
 10907 | D:10     | Killed a two-headed ogre
 10908 | D:10     | Reached XP level 11. HP: 67/67 MP: 14/16
 12222 | D:11     | Noticed a two-headed ogre
 12230 | D:11     | Killed a two-headed ogre
 12335 | D:11     | Noticed a two-headed ogre
 12347 | D:11     | Killed a two-headed ogre
 12926 | Lair:1   | Noticed a boulder beetle
 12967 | Lair:1   | Reached ** piety under Vehumet
 12967 | Lair:1   | Offered knowledge of Static Discharge by Vehumet.
 13029 | Lair:1   | Learned a level 3 spell: Call Canine Familiar
 13067 | Lair:1   | Reached skill level 1 in Armour
 13067 | Lair:1   | Reached skill level 12 in Earth Magic
 13184 | Lair:1   | Noticed a glowing shapeshifter
 13184 | Lair:1   | a cane toad changed into a glowing shapeshifter
 13184 | Lair:1   | Noticed a shining eye
 13184 | Lair:1   | a glowing shapeshifter changed into a shining eye
 13186 | Lair:1   | Gained mutation: You are clumsy. (Dex -2) [a shining eye]
 13187 | Lair:1   | Killed a shining eye
 13505 | Lair:2   | Found a gate leading to a gauntlet.
 13514 | Gauntlet | Entered a Gauntlet
 13514 | Gauntlet | Noticed a mana viper
 13514 | Gauntlet | Noticed a death scarab
 13514 | Gauntlet | Found a transporter.
 13514 | Gauntlet | Found a transporter.
 13523 | Gauntlet | Found a transporter.
 13534 | Gauntlet | Found a transporter.
 13535 | Gauntlet | Noticed a wizard
 13549 | Gauntlet | Found a transporter.
 13555 | Gauntlet | Noticed a soul eater
 13565 | Gauntlet | Found a transporter.
 13578 | Gauntlet | Found a transporter.
 13580 | Gauntlet | Noticed a shining eye
 13584 | Gauntlet | Found a transporter.
 13598 | Gauntlet | Found a transporter.
 13615 | Gauntlet | Found a transporter.
 13619 | Gauntlet | Found a transporter.
 13635 | Gauntlet | Noticed a shock serpent
 13635 | Gauntlet | a swamp worm changed into a shock serpent
 13637 | Gauntlet | Noticed a fire crab
 13649 | Gauntlet | Noticed a fenstrider witch
 13650 | Gauntlet | Noticed an iron troll
 13650 | Gauntlet | a fenstrider witch changed into an iron troll
 13659 | Gauntlet | Noticed a golden dragon
 13659 | Gauntlet | an iron troll changed into a golden dragon
 13661 | Gauntlet | Found a transporter.
 13661 | Gauntlet | Noticed a shadow dragon
 13661 | Gauntlet | a golden dragon changed into a shadow dragon
 13676 | Gauntlet | Noticed a quicksilver dragon
 13676 | Gauntlet | Noticed a steelbarb worm
 13677 | Gauntlet | Noticed an alligator snapping turtle
 13677 | Gauntlet | a quicksilver dragon changed into an alligator snapping
                  | turtle
 13686 | Gauntlet | Noticed a fire giant
 13686 | Gauntlet | an alligator snapping turtle changed into a fire giant
 13690 | Gauntlet | Noticed an alligator snapping turtle
 13690 | Gauntlet | a fire giant changed into an alligator snapping turtle
 13697 | Gauntlet | Noticed a death drake
 13697 | Gauntlet | a steelbarb worm changed into a death drake
 13707 | Gauntlet | Noticed a dire elephant
 13709 | Gauntlet | Noticed a minotaur
 13709 | Gauntlet | a dire elephant changed into a minotaur
 13711 | Gauntlet | Noticed an entropy weaver
 13711 | Gauntlet | a minotaur changed into an entropy weaver
 13713 | Gauntlet | Noticed a four-headed hydra
 13713 | Gauntlet | an entropy weaver changed into a four-headed hydra
 13715 | Gauntlet | Noticed an iron troll
 13715 | Gauntlet | a four-headed hydra changed into an iron troll
 13716 | Gauntlet | Noticed an alligator snapping turtle
 13716 | Gauntlet | an iron troll changed into an alligator snapping turtle
 13716 | Gauntlet | Noticed a shock serpent
 13716 | Gauntlet | a death drake changed into a shock serpent
 13719 | Gauntlet | Noticed a minotaur
 13719 | Gauntlet | an alligator snapping turtle changed into a minotaur
 13722 | Gauntlet | Noticed a quicksilver ooze
 13722 | Gauntlet | a minotaur changed into a quicksilver ooze
 13723 | Gauntlet | Noticed a radroach
 13723 | Gauntlet | a quicksilver ooze changed into a radroach
 13724 | Gauntlet | Killed a shock serpent
 13725 | Gauntlet | Reached skill level 1 in Summonings
 13725 | Gauntlet | Reached skill level 1 in Evocations
 13726 | Gauntlet | Noticed a bunyip
 13726 | Gauntlet | a radroach changed into a bunyip
 13728 | Gauntlet | Noticed a seven-headed hydra
 13728 | Gauntlet | a bunyip changed into a seven-headed hydra
 13735 | Gauntlet | Noticed an entropy weaver
 13735 | Gauntlet | a seven-headed hydra changed into an entropy weaver
 13739 | Gauntlet | Noticed an ice dragon
 13739 | Gauntlet | an entropy weaver changed into an ice dragon
 13740 | Gauntlet | Noticed a spark wasp
 13740 | Gauntlet | an ice dragon changed into a spark wasp
 13749 | Gauntlet | Noticed a quicksilver ooze
 13749 | Gauntlet | a spark wasp changed into a quicksilver ooze
 13754 | Gauntlet | Noticed a sea snake
 13754 | Gauntlet | an eye of devastation changed into a sea snake
 13756 | Gauntlet | a sea snake changed into an eye of devastation
 13756 | Gauntlet | Noticed a death yak
 13756 | Gauntlet | a quicksilver ooze changed into a death yak
 13757 | Gauntlet | Noticed a dire elephant
 13757 | Gauntlet | a death yak changed into a dire elephant
 13760 | Gauntlet | Noticed a mana viper
 13760 | Gauntlet | an eye of devastation changed into a mana viper
 13945 | Gauntlet | Noticed a minotaur
 13979 | Gauntlet | Killed a minotaur
 13980 | Gauntlet | Reached XP level 12. HP: 32/75 MP: 7/18
 14065 | Lair:2   | Found a dark tunnel.
 14076 | Volcano  | Entered a volcano
 14675 | Volcano  | Offered knowledge of Scorch by Vehumet.
 14683 | Volcano  | Learned a level 2 spell: Scorch
 14747 | Volcano  | Killed from afar by an efreet

Illustrated notes

Levels and vault maps discovered:
D:1:      dpeg_arrival_rooms_with_view, layout_basic,
          ebering_ecumenical_altar_petrified
D:2:      layout_rooms, serial_shops, shop, uniq_robin, uniq_jessica
D:3:      layout_rooms, uniq_grinder, uniq_terence, uniq_pargi,
          uniq_crazy_yiuf_cottage
D:4:      layout_loops_ring, goddamned_bats
D:5:      layout_loops_cross
D:6:      layout_cave_pools, gammafunk_temple_overflow_claw, serial_park,
          serial_park_gazebo [serial_park_minivault_5x5_7],
          serial_park_tiny_pond
D:7:      minmay_cornered_nines, layout_basic, minmay_temple_entry_nine_rooms
D:8:      layout_loops_ring, mainiacjoe_overflow_paths, evilmike_ruin_ashenzari,
          gammafunk_temple_overflow_statue
D:9:      layout_loops_ring, lair_entry_dummy, nicolae_shop_clearance
D:10:     layout_roguey, serial_bayou_pond_c, kennysheep_doodads, uniq_psyche,
          uniq_fannar
D:11:     layout_basic, nicolae_figureground_sparkle
Temple:   regret_index_temple_generic_petals
Lair:1:   layout_chaotic_city, nzn_sisyphean_effort
Lair:2:   layout_small_grid, gauntlet_entry_generic,
          lightli_volcano_entry_magma_tube, guppyfry_lair_drakes,
          serial_bayou_shore_b
Volcano:  volcano_aerie

Skill      XL: |  1  2  3  4  5  6  7  8  9 10 11 12 |
---------------+-------------------------------------+-----
Transmutations | 1 |  1.0
Earth Magic    | 4 5 6 7 8 10 11 12 | 12.4
Fighting       | 1 2 3 4 6 7 8 |  8.7
Staves         | 1 2 3 4 5 6 7 8 |  8.0
Dodging        | 2 3 4 5 6 |  6.9
Conjurations   | 1 2 3 4 5 6 8 |  8.5
Spellcasting   | 3 4 |  4.4
Armour         | 3 4 |  4.5
Summonings     | 1 2 |  2.4
Evocations     | 1 2 |  2.5
Stealth        | |  2.1

Action                   |  1- 3 |  4- 6 |  7- 9 | 10-12 || total
-------------------------+-------+-------+-------+-------++-------
Melee: Staff             |    68 |       |       |       ||    68
       Unarmed           |     4 |       |       |       ||     4
       Punch             |     3 |     1 |     1 |       ||     5
       Dagger            |    23 |   145 |    97 |       ||   265
       Quarterstaff      |       |       |    89 |   218 ||   307
       Morningstar       |       |       |       |    13 ||    13
 Fire: Shortbow          |       |       |     3 |    17 ||    20
 Cast: Sandblast         |    21 |    18 |    74 |    74 ||   187
       Stone Arrow       |       |       |    40 |    77 ||   117
Evoke: Wand              |       |       |       |     3 ||     3
       Phantom mirror    |       |       |       |     1 ||     1
  Use: Scroll            |       |       |    11 |     7 ||    18
       Potion            |       |       |     1 |     5 ||     6
 Stab: Sleeping          |     2 |     1 |     3 |     3 ||     9
       Petrified         |       |       |       |    11 ||    11
       Confused          |       |       |       |     3 ||     3
       Petrifying        |       |       |       |     1 ||     1
       Paralysed         |       |       |       |     1 ||     1
       Distracted        |       |       |       |     1 ||     1
Armor: Robe              |    41 |   107 |    72 |       ||   220
       Steam dragon scal |       |       |    18 |    98 ||   116
       Troll leather arm |       |       |       |    78 ||    78
Dodge: Dodged            |    79 |   135 |   140 |   195 ||   549

Table legend: (Time is in decaauts)
 A = Elapsed time spent in this place.
 B = Non-inter-level travel time spent in this place.
 C = Inter-level travel time spent in this place.
 D = Time resting spent in this place.
 E = Time spent auto-exploring this place.
 F = Levels seen in this place.
 G = Mean time per level.
                   A        B        C        D        E       F      G
               +--------+--------+--------+--------+--------+-----+--------+
         Total |  14740 |  14431 |    309 |   3197 |   6714 |  16 |  921.2 |
       Dungeon |  12581 |  12273 |    308 |   2647 |   6264 |  11 | 1143.7 |
        Temple |    258 |    258 |      0 |      0 |    200 |   1 |  258.0 |
          Lair |    746 |    745 |      1 |     22 |    250 |   2 |  373.0 |
       Volcano |    668 |    668 |      0 |    399 |      0 |   1 |  668.0 |
      Gauntlet |    485 |    485 |      0 |    129 |      0 |   1 |  485.0 |
               +--------+--------+--------+--------+--------+-----+--------+

Top non-repeatable levels by time:
     D:1: 1546 daAuts
     D:4: 1469 daAuts
    D:11: 1418 daAuts
     D:5: 1341 daAuts
     D:8: 1098 daAuts
     D:6: 1071 daAuts
     D:7: 1031 daAuts
     D:9: 1031 daAuts
     D:2: 955 daAuts
     D:3: 876 daAuts
    D:10: 739 daAuts
 Volcano: 668 daAuts
  Lair:1: 620 daAuts
Gauntlet: 485 daAuts
  Temple: 258 daAuts
